 Dungeon Crawl Stone Soup version 0.24.1-14-gf8d2b509d9 (webtiles) character file.

Game seed: 16483473976939149614, levelgen mode: deterministic

33583 tkbsonic5 the Covert (level 13, -24/70 HPs)
             Began as a Vine Stalker Assassin on Sept 28, 2023.
             Was a High Priest of Nemelex Xobeh.
             Annihilated by a komodo dragon (39 damage)
             ... on level 6 of the Lair of Beasts on Sept 30, 2023.
             The game lasted 01:21:46 (13368 turns).

tkbsonic5 the Covert (Vine Stalker Assassin)       Turns: 13368, Time: 01:21:46

Health: -24/70     AC: 16    Str: 15    XL:     13   Next: 71%
Magic:  0/18       EV:  7    Int: 11    God:    Nemelex Xobeh [*****.]
Gold:   999        SH:  0    Dex: 20    Spells: 9/12 levels left

rFire    . . .     SeeInvis .   O - +7 mace of Linearity {vamp, Stlth+}
rCold    . . .     Gourm    .   v - +0 buckler
rNeg     . . .     Faith    .   B - +0 chain mail
rPois    .         Spirit   +   y - +2 helmet
rElec    .         Reflect  .   c - +0 cloak {alice as Amelia}
rCorr    .         Harm     .   q - +0 pair of gloves
MR       +....                  T - +1 pair of boots (curse)
Stlth    ++++......             n - amulet of rage
HPRegen  1.01/turn              k - ring of wizardry
MPRegen  0.16/turn              (no ring)

@: sleeping
A: fangs 3, regeneration 2, magic shield, antimagic bite, no potion heal 3, rot
immunity
a: Draw Escape, Draw Destruction, Draw Summoning, Triple Draw, Deal Four, Stack
Five, Renounce Religion, Evoke Berserk Rage


You were on level 6 of the Lair of Beasts.
You worshipped Nemelex Xobeh.
Nemelex Xobeh was extremely pleased with you.
You were full.

You visited 2 branches of the dungeon, and saw 17 of its levels.
You also visited: Ossuary.

You collected 999 gold pieces.

Inventory:

Hand Weapons
 a - a +3 dagger of electrocution
 s - the +1 spear "Zisep" {pierce, rElec Int+3}
   (You found it on level 6 of the Dungeon)

   It inflicts extra damage upon your enemies.
   It affects your intelligence (+3).
   It insulates you from electricity.
 u - a +1 long sword of protection
 J - a +0 long sword
 N - a +3 short sword of draining
 O - the +7 mace of Linearity (weapon) {vamp, Stlth+}
   (You found it on level 7 of the Dungeon)

   It inflicts no extra harm, but heals its wielder when it wounds a living foe.
   It makes you more stealthy.
Missiles
 g - 3 boomerangs (quivered)
 i - 44 poisoned darts
 H - 5 curare-tipped darts
 P - 2 atropa-tipped darts
Armour
 c - a +0 cloak (worn) {alice as Amelia}
 l - a +0 ring mail
 q - a +0 pair of gloves (worn)
 v - a +0 buckler (worn)
 y - a +2 helmet (worn)
 B - a +0 chain mail (worn)
 K - a +0 robe of cold resistance
 S - a +0 scale mail
 T - a cursed +1 pair of boots (worn)
 Y - a +0 troll leather armour
Jewellery
 k - a ring of wizardry (left hand)
 m - a +2 ring of protection {unknown}
 n - an amulet of rage (around neck)
 M - an uncursed ring of poison resistance {unknown}
Wands
 e - a wand of random effects (9)
 j - a wand of digging (9)
 F - a wand of paralysis (5)
Scrolls
 b - a scroll of fear
 z - a scroll of teleportation
 C - 2 scrolls of magic mapping
 L - 5 scrolls of remove curse
Potions
 d - 3 potions of cancellation
 o - a potion of might
 p - 3 potions of ambrosia
 r - 2 potions of flight
 t - a potion of agility
 x - 6 potions of curing
 E - a potion of mutation
 Q - 2 potions of brilliance
 V - 2 potions of berserk rage
Miscellaneous
 U - a box of beasts
Comestibles
 f - 20 rations


   Skills:
 * Level 9.0 Fighting
 + Level 9.2 Short Blades
 * Level 6.2 Maces & Flails
 * Level 9.3 Throwing
 * Level 2.0 Armour
 - Level 1.7 Dodging
 * Level 13.2 Stealth
 - Level 5.7 Shields
 * Level 4.8 Invocations
 * Level 5.7 Evocations


You had 9 spell levels left.
You knew the following spells:

 Your Spells              Type           Power        Failure   Level  Hunger
a - Freeze                Ice            #...         95%         1    ##.....
b - Throw Frost           Conj/Ice       #.....       98%         2    ###....

Your spell library contained the following spells:

 Spells                   Type           Power        Failure   Level  Hunger
 Magic Dart               Conj           #...         95%         1    ##.....
 Searing Ray              Conj           #.....       98%         2    ###....
 Dazzling Spray           Conj/Hex       #.....       100%        3    ####...
 Ozocubu's Armour         Chrm/Ice       #.......     100%        3    ####...
 Cause Fear               Hex            #.........   100%        4    #####..
 Force Lance              Conj/Tloc      #.......     100%        4    #####..
 Fulminant Prism          Conj/Hex       #.........   100%        4    #####..
 Iskenderun's Mystic Bla  Conj           #.......     100%        4    #####..
 Summon Ice Beast         Ice/Summ       #.......     100%        4    #####..
 Throw Icicle             Conj/Ice       #.......     100%        4    #####..
 Bolt of Magma            Conj/Fire/Erth #.........   100%        5    ######.
 Iskenderun's Battlesphe  Conj/Chrm      #.......     100%        5    ######.
 Silence                  Hex/Air        #.........   100%        5    ######.
 Venom Bolt               Conj/Pois      #.........   100%        5    ######.
 Yara's Violent Unravell  Hex/Tmut       #.........   100%        5    ######.
 Deflect Missiles         Chrm/Air       #.........   100%        6    #######
 Iron Shot                Conj/Erth      #.........   100%        6    #######
 Orb of Destruction       Conj           #.........   100%        7    #######
 Spellforged Servitor     Conj/Summ      #.........   100%        7    #######
 Discord                  Hex            #.........   100%        8    #######


Dungeon Overview and Level Annotations

Branches:
Dungeon (11/15)            Temple (0/1) D:7            Lair (6/6) D:8
 Shoals (0/4) Lair:3        Snake (0/4) Lair:2          Orc (0/2) D:11
Ossuary (visited)
  Slime: Lair:5-6

Altars:
Ashenzari
Hepliaklqana
Nemelex Xobeh
Ru
Vehumet
Xom
Zin
The Shining One

Annotations:
D:8 exclusion: ice statue
Lair:2 2 transporters, tkbsonic5's ghost, journeyman DDNe
Lair:6 exclusion: oklob plant


Innate Abilities, Weirdness & Mutations

You have razor-sharp teeth.
You heal very quickly.
When hurt, damage is shared between your health and your magic reserves.
Your bite disrupts and absorbs the magic of your enemies.
Potions cannot restore your health.
You are immune to rotting.


Message History

You sock the blink frog! Your bite misses the blink frog.
The blink frog is moderately wounded.
The blink frog hits you.
The blink frog blinks! x3
The dream sheep ruffle their wool and motes of dream dust sparkle, to no effect.
Something bites you!!
* * * LOW HITPOINT WARNING * * *
Evoke which item? (* to show all) (? for menu, Esc to quit)
Okay, then.
Okay, then.
You draw a card...
You have drawn the Orb.
Press: ? - help, Shift-Dir - straight line, f - dream sheep
Aim: a dream sheep The orb of energy hits something!!
The dream sheep shake their wool and sparkle.
You feel drowsy...
You fall asleep.
Something bites you!!!
Ouch! That really hurt!
You die...
Your body disappears without a glow.

.
...?♣########+++#######
.....§#@♣§§............
.....§##{YYY..§........
.....§§FFFYYr.....%....
./.........F....Y......
...............rY.Y....
............#...#.Y....
...........###..#....Y.
<..........#..######.Y.
.......F# P#.


You could see a spiny frog, 2 blink frogs, 5 dream sheep and a river rat.

Vanquished Creatures
  Rupert (Lair:4)
  4 hydras
  A two-headed ogre (D:11)
  Urug (Lair:5)
  Sonja (Lair:4)
  2 unseen horrors (Lair:4)
  Pikel (D:5)
  An ugly thing (D:11)
  A cyclops (D:9)
  4 black mambas
  4 spiny frogs
  3 komodo dragons
  A troll (D:11)
  A tyrant leech (Lair:2)
  A jumping spider (shapeshifter) (D:10)
  A hornet (D:10)
  11 blink frogs
  6 hippogriffs
  A dream sheep (Lair:6)
  A snapping turtle (Lair:3)
  A spriggan (D:8)
  A shadow (D:11)
  3 wyverns
  Sigmund (D:2)
  3 basilisks
  14 yaks
  3 hungry ghosts
  2 nagas (Lair:2)
  A soldier ant (D:11)
  13 porcupines
  5 water moccasins
  4 orc warriors
  2 sky beasts
  A slave (D:5)
  2 ice beasts
  2 black bears
  6 ogres
  An ogre (shapeshifter) (D:11)
  3 phantoms
  16 wolves
  4 centaurs
  21 crocodiles
  Blork the orc (D:5)
  14 bullfrogs
  2 scorpions (D:4)
  A wight (Ossuary)
  2 howler monkeys
  An electric eel (Lair:3)
  3 crimson imps
  2 jellies (D:11)
  2 bullfrog skeletons
  2 bullfrog zombies
  6 hounds
  3 centaur skeletons
  6 orc priests
  12 orc wizards
  Jessica (D:2)
  An iguana (D:4)
  Ijyb (D:5)
  A hell rat (Lair:6)
  7 worker ants
  3 hound zombies
  A hound skeleton (D:7)
  Robin (D:2)
  6 river rats (Lair:6)
  7 adders
  2 shadow imps
  An adder skeleton (D:5)
  4 worms
  4 dart slugs
  5 leopard geckos
  28 orcs
  9 giant cockroaches
  16 goblins
  14 hobgoblins
  11 jackals
  9 quokkas
  6 bats
  7 frilled lizards
  A jackal skeleton (D:6)
  7 kobolds
  14 rats
  2 fungi (Lair:6)
  A plant (Lair:3)
383 creatures vanquished.

Vanquished Creatures (collateral kills)
  A great orb of eyes (Lair:5)
  A hydra (Lair:6)
  A queen ant (Lair:4)
  An unseen horror (D:11)
  A harpy (Lair:4)
  3 elephants (Lair:6)
  A black mamba (Lair:6)
  A komodo dragon (Lair:6)
  A rime drake (Lair:4)
  A spriggan (Lair:4)
  4 yaks (Lair:6)
  A water moccasin (Lair:6)
  A porcupine (Lair:5)
  10 wolves
  2 crocodiles
  A howler monkey (Lair:4)
  A jelly (Lair:5)
  4 hell rats (Lair:6)
  A river rat (Lair:6)
  2 rats (Lair:6)
39 creatures vanquished.

Vanquished Creatures (others)
  2 orc warriors
  An ice beast (D:5)
  An orc priest (D:11)
  An orc (D:11)
  A bush (Lair:3)
  7 fungi
  2 plants (Lair:6)
15 creatures vanquished.

Grand Total: 437 creatures vanquished

Notes
Turn   | Place    | Note
-------+----------+-------------------------------------------
     0 | D:1      | tkbsonic5 the Vine Stalker Assassin began the quest for the
                  | Orb.
     0 | D:1      | Reached XP level 1. HP: 11/11 MP: 2/2
   223 | D:1      | Reached skill level 5 in Stealth
   223 | D:1      | Reached XP level 2. HP: 13/15 MP: 3/3
   329 | D:1      | Reached XP level 3. HP: 18/18 MP: 4/4
   937 | D:2      | Noticed Jessica
   943 | D:2      | Killed Jessica
   943 | D:2      | Gained mutation: Your natural rate of healing is unusually
                  | fast. [Vine Stalker growth]
   943 | D:2      | Reached XP level 4. HP: 20/23 MP: 5/5
  1329 | D:2      | Noticed Sigmund
  1337 | D:2      | Killed Sigmund
  1337 | D:2      | Reached skill level 6 in Stealth
  1337 | D:2      | Reached XP level 5. HP: 27/27 MP: 6/6
  1337 | D:2      | Reached XP level 6. HP: 32/32 MP: 7/7
  1371 | D:2      | Noticed Robin
  1383 | D:2      | Killed Robin
  1789 | D:2      | Found a faded altar of an unknown god.
  3006 | D:4      | Reached XP level 7. HP: 35/35 MP: 8/8
  3105 | D:4      | Reached skill level 7 in Stealth
  3252 | D:4      | Reached skill level 1 in Shields
  3821 | D:5      | Entered Level 5 of the Dungeon
  3847 | D:5      | Found a sacrificial altar of Ru.
  3870 | D:5      | Noticed Ijyb
  3879 | D:5      | Killed Ijyb
  3902 | D:5      | Gained mutation: You have razor-sharp teeth. [Vine Stalker
                  | growth]
  3902 | D:5      | Reached XP level 8. HP: 40/40 MP: 9/9
  4230 | D:5      | Found a hazy altar of Hepliaklqana.
  4230 | D:5      | Found a sparkling altar of Nemelex Xobeh.
  4292 | D:5      | Became a worshipper of Nemelex Xobeh the Trickster
  4394 | D:5      | Noticed Blork the orc
  4401 | D:5      | Killed Blork the orc
  4460 | D:5      | Received a gift from Nemelex Xobeh
  4523 | D:5      | Noticed Pikel
  4538 | D:5      | Killed Pikel
  4538 | D:5      | Reached skill level 5 in Short Blades
  4538 | D:5      | Reached skill level 5 in Throwing
  4538 | D:5      | Reached skill level 8 in Stealth
  4538 | D:5      | Reached skill level 1 in Evocations
  4652 | D:5      | Reached * piety under Nemelex Xobeh
  4661 | D:5      | Reached XP level 9. HP: 46/46 MP: 11/11
  5028 | D:6      | Got a pitted spear
  5077 | D:6      | Found a shattered altar of Ashenzari.
  5163 | D:6      | Found a sand-covered staircase.
  5241 | Ossuary  | Entered an ossuary
  5288 | Ossuary  | Identified the cursed +1 spear "Zisep" {pierce, rElec
                  | Int+3} (You found it on level 6 of the Dungeon)
  5347 | D:6      | Reached skill level 9 in Stealth
  5455 | D:6      | Found a glowing golden altar of the Shining One.
  5622 | D:7      | Got an iridescent mace
  5710 | D:7      | Reached skill level 5 in Fighting
  5865 | D:7      | Reached ** piety under Nemelex Xobeh
  5911 | D:7      | Found a staircase to the Ecumenical Temple.
  6144 | D:8      | Found a shimmering altar of Xom.
  6179 | D:8      | Reached XP level 10. HP: 49/51 MP: 13/13
  6287 | D:8      | Reached skill level 10 in Stealth
  6394 | D:8      | Found a glowing silver altar of Zin.
  6441 | D:8      | Found a radiant altar of Vehumet.
  6480 | D:8      | Noticed an ice statue
  6651 | D:8      | Found a staircase to the Lair.
  6889 | D:9      | Noticed a cyclops
  6899 | D:9      | Killed a cyclops
  6948 | D:10     | Entered Level 10 of the Dungeon
  7122 | D:10     | Received a gift from Nemelex Xobeh
  7240 | D:10     | Identified the +7 mace of Linearity {vamp, Stlth+} (You
                  | found it on level 7 of the Dungeon)
  7522 | D:10     | Paralysed by a hornet for 3 turns
  7525 | D:10     | Reached skill level 1 in Maces & Flails
  7662 | D:10     | Learned a level 1 spell: Freeze
  7665 | D:10     | Learned a level 2 spell: Throw Frost
  7849 | D:11     | Reached XP level 11. HP: 56/58 MP: 14/14
  7906 | D:11     | Killed an unseen horror
  7906 | D:11     | Reached skill level 11 in Stealth
  7976 | D:11     | Noticed a two-headed ogre
  7990 | D:11     | Killed a two-headed ogre
  8019 | D:11     | Noticed a green ugly thing
  8038 | D:11     | Killed a green ugly thing
  8095 | D:11     | Received a gift from Nemelex Xobeh
  8148 | D:11     | Reached *** piety under Nemelex Xobeh
  8399 | D:11     | Found a staircase to the Orcish Mines.
  8629 | Lair:1   | Entered Level 1 of the Lair of Beasts
  8720 | Lair:1   | Received a gift from Nemelex Xobeh
  9380 | Lair:2   | Noticed a four-headed hydra
  9385 | Lair:2   | a four-headed hydra changed into a tyrant leech
  9443 | Lair:2   | Found a transporter.
  9446 | Lair:2   | Found a transporter.
  9449 | Lair:2   | Noticed tkbsonic5's ghost (journeyman DDNe)
  9533 | Lair:2   | Reached **** piety under Nemelex Xobeh
  9623 | Lair:2   | Received a gift from Nemelex Xobeh
  9870 | Lair:2   | Found a staircase to the Snake Pit.
 10220 | Lair:3   | Gained mutation: You heal very quickly. [Vine Stalker
                  | growth]
 10220 | Lair:3   | Reached XP level 12. HP: 63/63 MP: 16/16
 10229 | Lair:3   | Reached skill level 12 in Stealth
 10297 | Lair:3   | Found a staircase to the Shoals.
 10351 | Lair:3   | Reached skill level 5 in Shields
 10477 | Lair:3   | Received a gift from Nemelex Xobeh
 10620 | Lair:3   | Noticed a seven-headed hydra
 10631 | Lair:3   | Killed a seven-headed hydra
 10724 | Lair:3   | Reached skill level 1 in Invocations
 10885 | Lair:4   | Noticed a five-headed hydra
 10900 | Lair:4   | Killed a five-headed hydra
 11036 | Lair:4   | Noticed Rupert
 11056 | Lair:4   | Killed Rupert
 11056 | Lair:4   | Reached skill level 5 in Evocations
 11091 | Lair:4   | Reached skill level 5 in Maces & Flails
 11165 | Lair:4   | Noticed a six-headed hydra
 11166 | Lair:4   | Noticed a queen ant
 11166 | Lair:4   | a six-headed hydra changed into a queen ant
 11187 | Lair:4   | Killed a queen ant
 11265 | Lair:4   | Received a gift from Nemelex Xobeh
 11303 | Lair:4   | Noticed Sonja
 11310 | Lair:4   | Killed Sonja
 11310 | Lair:4   | Reached XP level 13. HP: 69/69 MP: 17/17
 11482 | Lair:4   | Reached ***** piety under Nemelex Xobeh
 12165 | Lair:5   | Received a gift from Nemelex Xobeh
 12212 | Lair:5   | Reached skill level 1 in Dodging
 12216 | Lair:5   | Noticed a great orb of eyes
 12216 | Lair:5   | an eight-headed hydra changed into a great orb of eyes
 12220 | Lair:5   | Killed a great orb of eyes
 12438 | Lair:5   | Received a gift from Nemelex Xobeh
 12623 | Lair:5   | Reached skill level 1 in Armour
 12659 | Lair:5   | Noticed Urug
 12663 | Lair:5   | Killed Urug
 12663 | Lair:5   | Reached skill level 13 in Stealth
 12759 | Lair:5   | Received a gift from Nemelex Xobeh
 13142 | Lair:6   | Entered Level 6 of the Lair of Beasts
 13183 | Lair:6   | Identified the +0 quarterstaff of the Gloaming {flame,
                  | *Corrode Int+5}
 13357 | Lair:6   | Identified the -2 quarterstaff "Jokhoihyr" {crush, rElec
                  | rC++}
 13368 | Lair:6   | Annihilated by a komodo dragon

Levels and vault maps discovered:
D:1:      lightli_arrival_isolated_outpost, layout_rooms, serial_rivers,
          chequers_serial_rivers_micro_b, chequers_serial_rivers_large_a,
          chequers_serial_rivers_large_b, chequers_serial_rivers_small_3,
          chequers_serial_rivers_micro_e
D:2:      layout_basic, chequers_ecumenical_altar_island, serial_curves,
          eino_curves_02, eino_curves_04, uniq_sigmund, uniq_jessica, uniq_robin
D:3:      minmay_razor_zed, layout_loops_ring, first_ration
D:4:      layout_basic
D:5:      layout_basic, hangedman_ru_absence, amethyst_overflow_temple_binary,
          uniq_pikel, uniq_blork_the_orc, uniq_ijyb
D:6:      layout_rooms, lemuel_crystal_altar, lemuel_crystal_altar,
          nicolae_ossuary_entry_ruins
D:7:      layout_rooms, minmay_temple_entry_statues_pillars
D:8:      minmay_statue_hallways, layout_cave_pools, vehumet_crystals,
          lemuel_crystal_altar, xom_teletrap_fun,
          grunt_lair_entry_orc_guard_hut, the_bakery
D:9:      minmay_diamond_stairs, layout_loops_ring, serial_shops, shop,
          zaba_antful_of_joy
D:10:     layout_loops_ring, grunt_ministairs_8
D:11:     layout_roguey, david_orc_4
Lair:1:   layout_chaotic_city, st_stairs_4, grunt_megastairs_4,
          infiniplex_staircase_pool, serial_bayou_shore_b
Lair:2:   layout_chaotic_city, guppyfry_snake_entry_garden,
          gammafunk_ghost_arena
Lair:3:   layout_gridlike, minmay_shoals_entry_hut
Lair:4:   layout_layer_cave, st_stairs_10, uniq_rupert, uniq_sonja
Lair:5:   layout_gridlike, uniq_urug
Lair:6:   due_jungle_book, layout_cave_shapes, minmay_slime_entry_oklob_open,
          lightli_volcano_entry_magma_tube, kennysheep_abandoned_house

Skill      XL: |  1  2  3  4  5  6  7  8  9 10 11 12 13 |
---------------+----------------------------------------+-----
Throwing       | 2 3 4 5 6 7 8 9 |  9.3
Short Blades   | 2 3 4 5 6 7 8 9 |  9.2
Stealth        | 5 6 7 8 9 10 11 12 13 | 13.2
Fighting       | 2 3 4 5 6 7 8 9 |  9.0
Shields        | 1 2 3 4 5 |  5.7
Evocations     | 1 2 3 4 5 |  5.7
Maces & Flails | 1 3 5 6 |  6.2
Invocations    | 3 4 |  4.8
Dodging        | 1 |  1.7
Armour         | 2 |  2.0

Action                   |  1- 3 |  4- 6 |  7- 9 | 10-12 | 13-15 || total
-------------------------+-------+-------+-------+-------+-------++-------
Melee: Dagger            |    36 |    98 |   128 |     1 |    39 ||   302
       Bite              |     8 |    19 |    76 |   152 |    74 ||   329
       Short sword       |       |       |   112 |   433 |    72 ||   617
       Spear             |       |       |    12 |       |       ||    12
       Mace              |       |       |       |       |    83 ||    83
Throw: Dart              |    18 |    83 |    24 |       |       ||   125
       Boomerang         |    46 |    22 |    79 |   235 |    54 ||   436
       Javelin           |       |       |       |       |    50 ||    50
 Abil: Draw Destruction  |       |       |       |    21 |     8 ||    29
       Draw Escape       |       |       |       |     6 |     5 ||    11
       Draw Summoning    |       |       |       |     3 |     7 ||    10
Evoke: Wand              |       |       |    16 |    22 |     9 ||    47
       Box of beasts     |       |       |       |     4 |     1 ||     5
  Use: Scroll            |     1 |     7 |     9 |    19 |     6 ||    42
       Potion            |       |     2 |     2 |     1 |     1 ||     6
 Stab: Sleeping          |     2 |     3 |     4 |    17 |     5 ||    31
       Paralysed         |       |       |     2 |     4 |     1 ||     7
       Confused          |       |       |       |     1 |       ||     1
       Invisible         |       |       |       |     3 |       ||     3
  Eat: Chunk             |       |     2 |     3 |     1 |       ||     6
       Ration            |       |     2 |     5 |     6 |     2 ||    15
Armor: Robe              |     9 |       |       |       |       ||     9
       Ring mail         |     1 |    32 |    80 |    57 |       ||   170
       Troll leather arm |       |       |       |    83 |    95 ||   178
       Chain mail        |       |       |       |       |    46 ||    46
Dodge: Dodged            |    15 |    40 |    67 |   137 |    83 ||   342
Block: Buckler           |       |       |    33 |    73 |    84 ||   190
